 Dungeon Crawl Stone Soup version 0.22.1-2-g9c5b331 (webtiles) character file.

864 dvd the Chopper (level 7, -8/61 HPs)
             Began as a Minotaur Gladiator on Nov 29, 2018.
             Was a Follower of Uskayaw.
             Mangled by an orc warrior
             ... wielding a +0 battleaxe
              (24 damage)
             ... on level 6 of the Dungeon.
             The game lasted 00:09:15 (3594 turns).

dvd the Chopper (Minotaur Gladiator)                Turns: 3594, Time: 00:09:16

Health: -8/61      AC:  6    Str: 19    XL:     7   Next: 72%
Magic:  3/6        EV: 12    Int:  5    God:    Uskayaw [*.....]
Gold:   173        SH:  4    Dex: 13    Spells: 4/6 levels left

rFire    . . .     SeeInvis .   s - +2 flail (protect)
rCold    . . .     Gourm    .   j - +0 buckler
rNeg     + . .     Faith    .   y - +1 ring mail {rN+}
rPois    .         Spirit   .   c - +0 hat
rElec    .         Reflect  .   (no cloak)
rCorr    .         Harm     .   (no gloves)
MR       .....                  (no boots)
Stlth    +.........             t - amulet of regeneration
HPRegen  0.60/turn              (no ring)
MPRegen  0.10/turn              (no ring)

@: no status effects
A: retaliatory headbutt, horns 2
a: Stomp, Renounce Religion


You were on level 6 of the Dungeon.
You worshipped Uskayaw.
Uskayaw was noncommittal.
You were very hungry.

You visited 1 branch of the dungeon, and saw 6 of its levels.

You collected 173 gold pieces.

Inventory:

Hand Weapons
 a - a +0 war axe
 s - a +2 flail of protection (weapon)
 w - the +2 dagger "Feunusyps" {pierce, rElec rN+ Int-2 Dex+4, unknown}
   (You found it on level 4 of the Dungeon)

   It inflicts extra damage upon your enemies.
   It affects your intelligence (-2).
   It affects your dexterity (+4).
   It insulates you from electricity.
   It protects you from negative energy.
 z - a +2 falchion of holy wrath
Armour
 c - a +0 hat (worn)
 j - a +0 buckler (worn)
 y - a +1 ring mail of positive energy (worn)
Jewellery
 t - an amulet of regeneration (around neck)
Scrolls
 b - 2 scrolls of amnesia {unknown}
 d - a scroll of fog {unknown}
 h - a scroll of enchant armour {unknown}
 i - a scroll of blinking {unknown}
 l - 3 scrolls of identify {unknown}
 m - a scroll of immolation {unknown}
 p - a scroll of enchant weapon {unknown}
 u - a scroll of silence {unknown}
 C - 2 scrolls of remove curse {unknown}
 F - a scroll of teleportation {unknown}
Potions
 e - a potion of agility {unknown}
 g - 2 potions of degeneration {unknown}
 k - a potion of cancellation {unknown}
 n - a potion of magic {unknown}
 o - 4 potions of curing
 q - a potion of resistance {unknown}
 r - a potion of invisibility {unknown}
 v - a potion of brilliance {unknown}
 x - a potion of flight {unknown}
 A - 2 potions of lignification {unknown}
 D - a potion of haste {unknown}
Comestibles
 f - 5 rations
 B - 5 chunks of flesh


   Skills:
 + Level 5.1 Fighting
 + Level 5.8(6.8) Axes
 + Level 5.2(6.5) Maces & Flails
 + Level 2.5 Throwing
 + Level 3.0 Armour
 + Level 4.7 Dodging
 + Level 1.1 Stealth
 + Level 1.6 Shields


You had 4 spell levels left.
You knew the following spells:

 Your Spells              Type           Power        Failure   Level  Hunger
a - Blink                 Tloc           N/A          88%         2    ###....

Your spell library contained the following spells:

 Spells                   Type           Power        Failure   Level  Hunger
 Magic Dart               Conj           #...         77%         1    ##.....
 Call Imp                 Summ           #.......     88%         2    ###....
 Slow                     Hex            #.......     88%         2    ###....
 Conjure Flame            Conj/Fire      #.......     98%         3    ####...
 Mephitic Cloud           Conj/Pois/Air  #.......     98%         3    ####...


Dungeon Overview and Level Annotations

Branches:
Dungeon (6/15)             Temple (0/1) D:5

Altars:
Cheibriados
Dithmenos
Elyvilon
Hepliaklqana
Makhleb
Ru
Trog
Uskayaw
Wu Jian
Xom
The Shining One

Shops:
D:5 (


Innate Abilities, Weirdness & Mutations

You reflexively headbutt those who attack you in melee.
You have a pair of horns on your head.


Message History

You feel better. You block the orc warrior's attack.
You barely miss the orc warrior.
The orc warrior is heavily wounded.
The orc warrior closely misses you.
You closely miss the orc warrior.
The orc warrior is heavily wounded.
The orc warrior misses you.
You sock the orc warrior!
Your weapon exudes an aura of protection.
You headbutt the orc warrior.
The orc warrior is severely wounded.
You completely miss the orc warrior.
You headbutt the orc warrior, but do no damage.
The orc warrior is severely wounded.
The orc warrior hits you with a battleaxe!
* * * LOW HITPOINT WARNING * * *
You barely miss the orc warrior.
The orc warrior is severely wounded.
The orc warrior hits you with a battleaxe!!
You die...

### ## #...
..###
#..###...##
#..#......
#.......#
#.......#
#.......#
#....o.#
#..###@#
#..# ###
#(.# #..#
#..# #.)##
##.).###
#......##
#.......##


You could see an orc warrior.

Vanquished Creatures
  3 ogres
  A centaur (D:5)
  A crimson imp (D:5)
  3 orc wizards
  An orc priest (D:6)
  A centaur skeleton (D:3)
  Terence (D:2)
  6 worker ants
  Robin (D:4)
  7 adders
  2 oozes
  2 worms (D:2)
  A dart slug (D:2)
  3 leopard geckos
  16 orcs
  3 giant cockroaches
  12 goblins
  13 hobgoblins
  6 jackals (D:2)
  6 kobolds
  A quokka (D:5)
  3 ball pythons
  4 bats
  5 frilled lizards
  2 rats
104 creatures vanquished.

Notes
Turn   | Place    | Note
-------+----------+-------------------------------------------
     0 | D:1      | dvd the Minotaur Gladiator began the quest for the Orb.
     0 | D:1      | Reached XP level 1. HP: 18/18 MP: 0/0
   298 | D:1      | Reached XP level 2. HP: 25/25 MP: 1/1
   555 | D:2      | Noticed Terence
   564 | D:2      | Killed Terence
   564 | D:2      | Reached XP level 3. HP: 22/30 MP: 2/2
   676 | D:2      | Found a shimmering altar of Xom.
   677 | D:2      | Found a hazy altar of Hepliaklqana.
   677 | D:2      | Noticed a yak
   678 | D:2      | Noticed a spectral ugly thing
   678 | D:2      | Noticed a yak
   931 | D:2      | Reached skill level 1 in Armour
   934 | D:2      | Found a glowing golden altar of the Shining One.
   997 | D:2      | Reached XP level 4. HP: 36/38 MP: 3/3
  1227 | D:2      | Found a snail-covered altar of Cheibriados.
  1229 | D:2      | Found a sacrificial altar of Ru.
  1234 | D:2      | Found a shadowy altar of Dithmenos.
  1234 | D:2      | Found a bloodstained altar of Trog.
  1234 | D:2      | Found a hide-covered altar of Uskayaw.
  1309 | D:2      | Became a worshipper of Uskayaw the Reveler
  1399 | D:3      | Reached * piety under Uskayaw
  1458 | D:3      | Reached ** piety under Uskayaw
  1462 | D:3      | Reached skill level 5 in Axes
  1483 | D:3      | Reached XP level 5. HP: 40/46 MP: 4/4
  1494 | D:3      | Learned a level 2 spell: Blink
  1752 | D:3      | Found a faded altar of an unknown god.
  1752 | D:3      | Found a faded altar of an unknown god.
  1757 | D:3      | Found a burning altar of Makhleb.
  1759 | D:3      | Found an ornate altar of the Wu Jian Council.
  1760 | D:3      | Found a white marble altar of Elyvilon.
  2071 | D:3      | Noticed an ogre
  2080 | D:3      | Killed an ogre
  2080 | D:3      | Reached skill level 1 in Maces & Flails
  2296 | D:4      | Got a bloodstained dagger
  2349 | D:4      | Reached XP level 6. HP: 53/53 MP: 5/5
  2411 | D:4      | Noticed Robin
  2420 | D:4      | Killed Robin
  2421 | D:4      | Reached *** piety under Uskayaw
  2879 | D:4      | Reached skill level 1 in Shields
  2940 | D:5      | Entered Level 5 of the Dungeon
  2979 | D:5      | Reached XP level 7. HP: 54/60 MP: 6/6
  3002 | D:5      | Reached skill level 5 in Fighting
  3002 | D:5      | Reached skill level 1 in Stealth
  3084 | D:5      | Found a staircase to the Ecumenical Temple.
  3274 | D:5      | Found Ixtiem's Antique Weapon Emporium.
  3519 | D:6      | Reached skill level 5 in Maces & Flails
  3563 | D:6      | Reached **** piety under Uskayaw
  3575 | D:6      | HP: 3/61 [orc warrior/battleaxe (13)]
  3594 | D:6      | Mangled by an orc warrior

Skill      XL: |  1  2  3  4  5  6  7 |
---------------+----------------------+-----
Axes           | 4 5 |  5.8
Fighting       | 3 4 5 |  5.1
Armour         | 1 2 3 |  3.0
Maces & Flails | 1 3 5 |  5.2
Dodging        | 4 |  4.7
Shields        | 1 |  1.6
Stealth        | 1 |  1.1
Throwing       | |  2.5

Action                   |  1- 3 |  4- 6 |  7- 9 || total
-------------------------+-------+-------+-------++-------
Melee: War axe           |    61 |    32 |       ||    93
       Headbutt          |    15 |    19 |    17 ||    51
       Flail             |       |    80 |    69 ||   149
Throw: Javelin           |       |     1 |     4 ||     5
       Throwing net      |       |     1 |     2 ||     3
Invok: Line Pass         |       |     1 |     1 ||     2
       Stomp             |       |     3 |     2 ||     5
  Use: Potion            |       |       |     2 ||     2
 Stab: Paralysed         |       |     1 |     3 ||     4
       Held in net/web   |       |     1 |     2 ||     3
  Eat: Chunk             |       |     7 |     2 ||     9
Armor: Leather armour    |     3 |       |       ||     3
       Ring mail         |     1 |    24 |    17 ||    42
       Scale mail        |    12 |    19 |       ||    31
Dodge: Dodged            |    42 |    80 |    27 ||   149
Block: Buckler           |     9 |    20 |    11 ||    40
